 Dungeon Crawl Stone Soup version 0.30-a0-54-g2e61a25929 (webtiles) character file.

Game seed: 1819707534126997654

11 MrFrogsmire the Poker (level 2, 0/24 HPs)
             Began as a Meteoran Wanderer on Sept 8, 2022.
             Slain by a gnoll
             ... wielding a +0 club
              (1 damage)
             ... on level 1 of the Dungeon.
             The game lasted 00:02:19 (403 turns).

MrFrogsmire the Poker (Meteoran Wanderer)            Turns: 403, Time: 00:02:20

Health: 0/24       AC:  4    Str: 14    XL:     2   Next: 52%
Magic:  5/5        EV: 11    Int: 12    God:
Gold:   5          SH:  0    Dex: 13    Spells: 2/3 levels left

rFire   + . .      SeeInvis .    e - staff of fire
rCold   . . .      Faith    .    (no shield)
rNeg    . . .      Spirit   .    d - +0 leather armour
rPois   .          Reflect  .    b - +0 helmet
rElec   .          Harm     .    (no cloak)
rCorr   .          Rampage  .    (no gloves)
Will    .....                    (no boots)
Stlth   +.........               (no amulet)
HPRegen 0.08/turn                (no ring)
MPRegen 0.09/turn                (no ring)

@: glowing
A: sense surroundings 1, otherworldly, glowing, explore regen
a: no special abilities


You were on level 1 of the Dungeon.
You visited 1 branch of the dungeon, and saw 1 of its levels.

You collected 5 gold pieces.

Inventory:

Hand Weapons
 a - a +0 trident
Armour
 b - a +0 helmet (worn)
 d - a +0 leather armour (worn)
Magical Staves
 e - a staff of fire (weapon)
Scrolls
 c - a scroll of blinking


   Skills:
 + Level 2.3 Fighting
 + Level 4.0 Polearms
 + Level 0.1(2.3) Staves
 + Level 0.1 Dodging
 + Level 2.3 Stealth
 + Level 1.4 Spellcasting
 + Level 1.4 Conjurations


You had 2 spell levels left.
You knew the following spells:

 Your Spells              Type           Power      Damage    Failure   Level
a - Magic Dart            Conj           16%        1d3       21%         1

Your spell library contained the following spells:

 Spells                   Type           Power      Damage    Failure   Level
 Dazzling Flash           Conj/Hex       4%         N/A       63%         3


Dungeon Overview and Level Annotations

Branches:
Dungeon (1/15) Zot: 192

Altars:


Innate Abilities, Weirdness & Mutations

You passively map a small area around you.
You are easily found by Zot.
You glow in the dark.
You regain HP and MP as you explore.


Message History

You see here a +0 dagger.
You see here a quokka corpse.
A ball python comes into view.
The magic dart hits the ball python.
The ball python is severely wounded.
The magic dart hits the ball python.
You kill the ball python!
A gnoll comes into view. It is wielding a +0 club.
Found a stone staircase leading down.
You hit the gnoll.
The gnoll is lightly wounded.
The gnoll hits you with a +0 club.
You barely miss the gnoll.
The gnoll is lightly wounded.
The gnoll hits you with a +0 club.
You barely miss the gnoll.
The gnoll is lightly wounded.
The gnoll hits you but does no damage.
You barely miss the gnoll.
The gnoll is lightly wounded.
The gnoll hits you but does no damage.
You barely miss the gnoll.
The gnoll is lightly wounded.
The gnoll hits you with a +0 club.
You closely miss the gnoll.
The gnoll is lightly wounded.
The gnoll hits you with a +0 club.
You hit the gnoll.
The gnoll is moderately wounded.
The gnoll hits you with a +0 club!
* * * LOW HITPOINT WARNING * * *
The gnoll barely misses you.
You hit the gnoll.
The gnoll is heavily wounded.
The gnoll hits you with a +0 club.
* * * LOW HITPOINT WARNING * * *
You barely miss the gnoll.
The gnoll is heavily wounded.
The gnoll hits you with a +0 club.
You die...

* #.........................##
##.#...................##...
*##.#...................##..#
*
,*#....######..†#####.....)..#
#.....# #...# #.###.#.##
**#......# #...# #.......#
#......# #...# #####.###
........# #...# #.# #
###.###### #@.†# * #.# # * #.
, #.g.....# #.# # # #.##.##.#
#.#### *#. ...,... #..... , ,
,,. .#.# #.# ###### .. *. .#
.# *#> .. .. . * #. ### , , *


You could see a gnoll.

Vanquished Creatures
  A dart slug (D:1)
  A bat (D:1)
  An endoplasm (D:1)
  A hobgoblin (D:1)
  A quokka (D:1)
  2 ball pythons (D:1)
  A goblin (D:1)
  A kobold (D:1)
9 creatures vanquished.

Notes
Turn   | Place    | Note
-------+----------+-------------------------------------------
     0 | D:1      | MrFrogsmire the Meteoran Wanderer began the quest for the
                  | Orb.
     0 | D:1      | MrFrogsmire set off with the following items: a +0 trident,
                  | a +0 helmet, a scroll of blinking, a +0 leather armour; and
                  | the following spell memorised: Magic Dart; and the
                  | following spells available to memorise: Dazzling Flash.
     0 | D:1      | Reached XP level 1. HP: 17/17 MP: 3/3
   102 | D:1      | Reached XP level 2. HP: 5/24 MP: 3/5
   106 | D:1      | Reached skill level 4 in Polearms
   402 | D:1      | HP: 1/24 [gnoll/+0 club (3)]
   403 | D:1      | Slain by a gnoll

Illustrated notes

Levels and vault maps discovered:
D:1:      amcnicky_arrival_underground_garden, layout_loops_cross,
          chequers_ecumenical_altar_island, nicolae_figureground_pulse

Skill      XL: |  1  2 |
---------------+-------+-----
Polearms       | 4 |  4.0
Fighting       | |  2.3
Staves         | |  0.1
Dodging        | |  0.1
Stealth        | |  2.3
Spellcasting   | |  1.4
Conjurations   | |  1.4

Action                   || total
-------------------------++-------
Melee: Staff             ||    40
       Punch             ||     2
 Cast: Magic Dart        ||    12
Armor: Leather armour    ||    23
Dodge: Dodged            ||    34

Table legend: (Time is in decaauts)
 A = Elapsed time spent in this place.
 B = Non-inter-level travel time spent in this place.
 C = Inter-level travel time spent in this place.
 D = Time resting spent in this place.
 E = Time spent auto-exploring this place.
 F = Levels seen in this place.
 G = Mean time per level.
                   A        B        C        D        E       F      G
               +--------+--------+--------+--------+--------+-----+--------+
         Total |    406 |    268 |    138 |      0 |      0 |   1 |  406.0 |
       Dungeon |    406 |    268 |    138 |      0 |      0 |   1 |  406.0 |
               +--------+--------+--------+--------+--------+-----+--------+

Top non-repeatable levels by time:
     D:1: 406 daAuts
